MID
ATLANTA (MID) BRAVES @ WISCONSIN TIMBER RATTLERS
04/30/2048
 
TOP OF THE 1ST
Atlanta (MID) Braves batting - Pitching for Wisconsin Timber Rattlers : RHP Johnathan Starr
Pitching: RHP Johnathan Starr
Batting: RHB Toki Takeuchi 0-0: Ground out 6-3 (Groundball, 6, EV 86.2 MPH)
Batting: RHB Nick Holsinger 0-0: Called Strike
0-1: Ground out 6-3 (Groundball, 56, EV 105.0 MPH)
Batting: RHB Zheng-ze King 0-0: Ball
1-0: Ball
2-0: Foul Ball, location: 2F
2-1: Foul Ball, location: 2F
2-2: Strikes out swinging
Top of the 1st over - 0 runs, 0 hits, 0 errors, 0 left on base; Atlanta (MID) 0 - Wisconsin 0
BOTTOM OF THE 1ST
Wisconsin Timber Rattlers batting - Pitching for Atlanta (MID) Braves : RHP Iestyn Nicholls
Pitching: RHP Iestyn Nicholls
Batting: LHB Rick Campbell 0-0: Ball
1-0: Foul Ball, location: 2F
1-1: Ground out 5-3 (Groundball, 56S, EV 84.4 MPH)
Batting: RHB Ryan Miller 0-0: Ground out 5-3 (Groundball, 5L, EV 84.4 MPH)
Batting: LHB Jason Raker 0-0: Foul Ball, location: 2F
0-1: Ball
1-1: Ball
2-1: Swinging Strike
2-2: Strikes out swinging
Bottom of the 1st over - 0 runs, 0 hits, 0 errors, 0 left on base; Atlanta (MID) 0 - Wisconsin 0
TOP OF THE 2ND
Atlanta (MID) Braves batting - Pitching for Wisconsin Timber Rattlers : RHP Johnathan Starr
Batting: SHB Richello Badua 0-0: Called Strike
0-1: Foul Ball, location: 2F
0-2: Ball
1-2: Fly out, F9 (Flyball, 9D, EV 103.1 MPH)
Batting: RHB Josh McCormick 0-0: Ball
1-0: Swinging Strike
1-1: Ground out 5-3 (Groundball, 56, EV 101.9 MPH)
Batting: LHB Oke Monti 0-0: Ball
1-0: Ball
2-0: Called Strike
2-1: Foul Ball, location: 2F
2-2: Ball
3-2: DOUBLE (Line Drive, 78D, EV 105.0 MPH)
Batting: LHB Ryan Murdock 0-0: Ball
1-0: Called Strike
1-1: Ball
2-1: Ball
3-1: Called Strike
3-2: Strikes out swinging
Top of the 2nd over - 0 runs, 1 hit, 0 errors, 1 left on base; Atlanta (MID) 0 - Wisconsin 0
BOTTOM OF THE 2ND
Wisconsin Timber Rattlers batting - Pitching for Atlanta (MID) Braves : RHP Iestyn Nicholls
Batting: LHB Karel Hort 0-0: Called Strike
0-1: Called Strike
0-2: Ball
1-2: Ball
2-2: Strikes out swinging
Batting: SHB Ramon Perez 0-0: Ball
1-0: Ball
2-0: Called Strike
2-1: Called Strike
2-2: Ball
3-2: Hit by Pitch
Batting: SHB Jerry Duffy 0-0: Ball
1-0: Foul Ball, location: 2F
1-1: Grounds into double play, 4-6-3 (Groundball, 4M, EV 101.9 MPH)
Bottom of the 2nd over - 0 runs, 0 hits, 0 errors, 0 left on base; Atlanta (MID) 0 - Wisconsin 0
TOP OF THE 3RD
Atlanta (MID) Braves batting - Pitching for Wisconsin Timber Rattlers : RHP Johnathan Starr
Batting: RHB Phil Holman 0-0: Ball
1-0: Called Strike
1-1: Ground out U3 (Groundball, 34, EV 89.4 MPH)
Batting: LHB Joe Phillips 0-0: Ball
1-0: Ground out U3 (Groundball, 3L, EV 109.4 MPH)
Batting: RHB Toki Takeuchi 0-0: Ball
1-0: Called Strike
1-1: Foul Ball, location: 2F
1-2: Strikes out swinging
Top of the 3rd over - 0 runs, 0 hits, 0 errors, 0 left on base; Atlanta (MID) 0 - Wisconsin 0
BOTTOM OF THE 3RD
Wisconsin Timber Rattlers batting - Pitching for Atlanta (MID) Braves : RHP Iestyn Nicholls
Batting: LHB Paul Collins 0-0: Ground out 5-3 (Groundball, 6, EV 106.9 MPH)
Batting: RHB Dan Allred 0-0: Called Strike
0-1: Called Strike
0-2: Foul Ball, location: 2F
0-2: Fly out, F8 (Flyball, 78D, EV 89.4 MPH)
Batting: RHB Chris Riddel 0-0: SINGLE (Line Drive, 9S, EV 96.9 MPH)
Batting: LHB Rick Campbell 0-0: Ball
1-0: Called Strike
1-1: Ball
2-1: Foul Ball, location: 2F
2-2: Strikes out swinging
Bottom of the 3rd over - 0 runs, 1 hit, 0 errors, 1 left on base; Atlanta (MID) 0 - Wisconsin 0
TOP OF THE 4TH
Atlanta (MID) Braves batting - Pitching for Wisconsin Timber Rattlers : RHP Johnathan Starr
Batting: RHB Nick Holsinger 0-0: Ground out 6-3 (Groundball, 6D, EV 105.0 MPH)
Batting: RHB Zheng-ze King 0-0: Ball
1-0: Foul Ball, location: 2F
1-1: SINGLE (Groundball, 6D, EV 96.2 MPH)
Batting: SHB Richello Badua 0-0: Called Strike
0-1: Called Strike
Zheng-ze King steals 2nd base
0-2: Ground out 6-3 (Groundball, 6M, EV 101.2 MPH)
Zheng-ze King to third
Batting: RHB Josh McCormick 0-0: Called Strike
0-1: Swinging Strike
0-2: Ground out 5-3 (Groundball, 5, EV 84.4 MPH)
Top of the 4th over - 0 runs, 1 hit, 0 errors, 1 left on base; Atlanta (MID) 0 - Wisconsin 0
BOTTOM OF THE 4TH
Wisconsin Timber Rattlers batting - Pitching for Atlanta (MID) Braves : RHP Iestyn Nicholls
Batting: RHB Ryan Miller 0-0: Ball
1-0: Ball
2-0: DOUBLE (Line Drive, 5D, EV 96.9 MPH)
Batting: LHB Jason Raker 0-0: Foul Ball, location: 2F
0-1: Ground out U3 (Groundball, 34S, EV 92.5 MPH)
Ryan Miller to third
Batting: LHB Karel Hort 0-0: Called Strike
0-1: Ball
1-1: Ball
2-1: Swinging Strike
2-2: Strikes out swinging
Batting: SHB Ramon Perez 0-0: Ball
1-0: Ball
2-0: Called Strike
2-1: Ball
3-1: Swinging Strike
3-2: Strikes out swinging
Bottom of the 4th over - 0 runs, 1 hit, 0 errors, 1 left on base; Atlanta (MID) 0 - Wisconsin 0
TOP OF THE 5TH
Atlanta (MID) Braves batting - Pitching for Wisconsin Timber Rattlers : RHP Johnathan Starr
Batting: LHB Oke Monti 0-0: Foul Ball, location: 2F
0-1: Ball
1-1: Swinging Strike
1-2: Strikes out swinging
Batting: LHB Ryan Murdock 0-0: Ball
1-0: Called Strike
1-1: Ball
2-1: Called Strike
2-2: Ball
3-2: Foul Ball, location: 2F
3-2: Strikes out looking
Batting: RHB Phil Holman 0-0: Fly out, F6 (Line Drive, 6, EV 61.9 MPH)
Top of the 5th over - 0 runs, 0 hits, 0 errors, 0 left on base; Atlanta (MID) 0 - Wisconsin 0
BOTTOM OF THE 5TH
Wisconsin Timber Rattlers batting - Pitching for Atlanta (MID) Braves : RHP Iestyn Nicholls
Batting: SHB Jerry Duffy 0-0: Ball
1-0: Swinging Strike
1-1: Ground out 6-3 (Groundball, 6, EV 84.4 MPH)
Batting: LHB Paul Collins 0-0: Called Strike
0-1: DOUBLE (Line Drive, 78XD, EV 105.0 MPH)
Batting: RHB Dan Allred 0-0: Called Strike
0-1: Foul Ball, location: 2F
0-2: Ball
1-2: Strikes out swinging
Batting: RHB Chris Riddel 0-0: Ground out 6-3 (Groundball, 56D, EV 90.0 MPH)
Bottom of the 5th over - 0 runs, 1 hit, 0 errors, 1 left on base; Atlanta (MID) 0 - Wisconsin 0
TOP OF THE 6TH
Atlanta (MID) Braves batting - Pitching for Wisconsin Timber Rattlers : RHP Johnathan Starr
Batting: LHB Joe Phillips 0-0: Fly out, F8 (Flyball, 78M, EV 81.9 MPH)
Batting: RHB Toki Takeuchi 0-0: Called Strike
0-1: SINGLE (Flyball, 89S, EV 95.0 MPH)
Batting: RHB Nick Holsinger 0-0: Fly out, F4 (Popup, 4M, EV 68.1 MPH)
Batting: RHB Zheng-ze King 0-0: Called Strike
Toki Takeuchi is caught stealing 2nd base 2-4
Top of the 6th over - 0 runs, 1 hit, 0 errors, 0 left on base; Atlanta (MID) 0 - Wisconsin 0
BOTTOM OF THE 6TH
Wisconsin Timber Rattlers batting - Pitching for Atlanta (MID) Braves : RHP Iestyn Nicholls
Batting: LHB Rick Campbell 0-0: TRIPLE (Flyball, 78XD, EV 113.1 MPH)
Batting: RHB Ryan Miller 0-0: Called Strike
0-1: Ball
1-1: Ball
2-1: Foul Ball, location: 2F
2-2: Strikes out swinging
Batting: LHB Jason Raker 0-0: Ball
1-0: Called Strike
1-1: Foul Ball, location: 2F
1-2: Foul Ball, location: 2F
1-2: Ball
2-2: Foul Ball, location: 2F
2-2: Ball
3-2: Fly out, F9 (Flyball, 89D, EV 89.4 MPH)
Runner from 3rd tags up, OUT at HOME! 9-2
Bottom of the 6th over - 0 runs, 1 hit, 0 errors, 0 left on base; Atlanta (MID) 0 - Wisconsin 0
TOP OF THE 7TH
Atlanta (MID) Braves batting - Pitching for Wisconsin Timber Rattlers : RHP Johnathan Starr
Batting: RHB Zheng-ze King 0-0: Ball
1-0: Ball
2-0: Ball
3-0: Called Strike
3-1: Base on Balls
Batting: SHB Richello Badua 0-0: Called Strike
0-1: Fielders Choice at 2nd, 5-4 (Groundball, 56, EV 89.4 MPH)
Batting: RHB Josh McCormick 0-0: Called Strike
0-1: Fly out, F6 (Popup, 6M, EV 76.2 MPH)
Batting: LHB Oke Monti 0-0: Swinging Strike
0-1: Swinging Strike
0-2: Ball
1-2: Foul Ball, location: 2F
1-2: Ground out 4-3 (Groundball, 34D, EV 105.0 MPH)
Top of the 7th over - 0 runs, 0 hits, 0 errors, 1 left on base; Atlanta (MID) 0 - Wisconsin 0
BOTTOM OF THE 7TH
Wisconsin Timber Rattlers batting - Pitching for Atlanta (MID) Braves : RHP Iestyn Nicholls
Batting: LHB Karel Hort 0-0: Ball
1-0: Foul Ball, location: 2F
1-1: Foul Ball, location: 2F
1-2: Foul Ball, location: 2F
1-2: DOUBLE (Flyball, 8RXD, EV 100.0 MPH)
Batting: SHB Ramon Perez 0-0: Intentional Walk
Batting: SHB Jerry Duffy 0-0: Foul Ball, location: 2F
0-1: 3-RUN HOME RUN (Flyball, 7D, EV 93.8 MPH), Distance : 366 ft
Batting: LHB Paul Collins 0-0: Ball
1-0: Called Strike
1-1: Ball
2-1: Ball
3-1: Foul Ball, location: 2F
3-2: Foul Ball, location: 2F
3-2: Ground out 4-3 (Groundball, 4, EV 110.6 MPH)
Batting: RHB Dan Allred 0-0: Ground out U3 (Groundball, 23, EV 91.2 MPH)
Batting: RHB Chris Riddel 0-0: Swinging Strike
0-1: Ball
1-1: Foul Ball, location: 2F
1-2: Fly out, F8 (Flyball, 8LD, EV 84.4 MPH)
Bottom of the 7th over - 3 runs, 2 hits, 0 errors, 0 left on base; Atlanta (MID) 0 - Wisconsin 3
TOP OF THE 8TH
Atlanta (MID) Braves batting - Pitching for Wisconsin Timber Rattlers : RHP Johnathan Starr
Batting: LHB Ryan Murdock 0-0: Called Strike
0-1: Called Strike
0-2: Ball
1-2: Ball
2-2: Foul Ball, location: 2F
2-2: Foul Ball, location: 2F
2-2: Foul Ball, location: 2F
2-2: Ball
3-2: Base on Balls
Batting: RHB Phil Holman 0-0: Swinging Strike
0-1: Ball
1-1: Ball
2-1: SINGLE (Groundball, 56D, EV 104.4 MPH)
Ryan Murdock to second
Batting: LHB Joe Phillips 0-0: Ball
1-0: Fielders Choice at 2nd, 3-6 (Groundball, 34S, EV 85.0 MPH)
Ryan Murdock to third
Batting: RHB Toki Takeuchi 0-0: Ball
1-0: Ball
2-0: Ball
3-0: Called Strike
3-1: SINGLE (Groundball, 56, EV 101.9 MPH)
Ryan Murdock scores
Joe Phillips to second
Batting: RHB Nick Holsinger 0-0: Ball
Wild Pitch!
Joe Phillips to third
Toki Takeuchi to second
1-0: Foul Ball, location: 2F
1-1: Ball
2-1: Foul Ball, location: 2F
2-2: Foul Ball, location: 2F
2-2: Ball
3-2: Foul Ball, location: 2F
3-2: Foul Ball, location: 2F
3-2: Ground out 6-3 (Groundball, 6, EV 105.6 MPH)
Joe Phillips scores
Batting: RHB Zheng-ze King 0-0: Ball
1-0: Ball
2-0: Ball
3-0: Base on Balls
Pitching: RHP Danny Newbegin
Batting: SHB Richello Badua 0-0: Ball
1-0: Ball
2-0: Called Strike
2-1: Foul Ball, location: 2F
2-2: Foul Ball, location: 2F
2-2: 3-RUN HOME RUN (Line Drive, 9LD, EV 95.0 MPH), Distance : 358 ft
Batting: RHB Josh McCormick 0-0: Fly out, F8 (Flyball, 8LXD, EV 99.4 MPH)
Top of the 8th over - 5 runs, 3 hits, 0 errors, 0 left on base; Atlanta (MID) 5 - Wisconsin 3
BOTTOM OF THE 8TH
Wisconsin Timber Rattlers batting - Pitching for Atlanta (MID) Braves : RHP Iestyn Nicholls
Batting: LHB Rick Campbell 0-0: Called Strike
0-1: Swinging Strike
0-2: DOUBLE (Flyball, 8LXD, EV 111.9 MPH)
Pitching: LHP Darius Brown
Batting: RHB Ryan Miller 0-0: Foul Ball, location: 2F
0-1: Called Strike
0-2: Ball
1-2: Strikes out swinging
Batting: LHB Jason Raker 0-0: Ball
1-0: SINGLE (Groundball, 6MD, EV 100.6 MPH)
Rick Campbell to third
Runner from 3rd tries for Home, SAFE, throw by CF to home
Jason Raker to second
Batting: LHB Karel Hort 0-0: Ball
1-0: Ball
2-0: Called Strike
2-1: Ball
3-1: Base on Balls
Batting: SHB Ramon Perez 0-0: Called Strike
0-1: SINGLE (Flyball, 89S, EV 95.0 MPH)
Jason Raker to third
Karel Hort to second
Runner from 3rd tries for Home, SAFE, throw by RF to home
Batting: SHB Jerry Duffy 0-0: Foul Ball, location: 2F
0-1: Ball
1-1: 3-RUN HOME RUN (Flyball, 78XD, EV 100.0 MPH), Distance : 380 ft
Pitching: RHP Jessie Mattei
Batting: LHB Paul Collins 0-0: Swinging Strike
0-1: Foul Ball, location: 2F
0-2: Ball
1-2: Ball
2-2: Foul Ball, location: 2F
2-2: Strikes out swinging
Batting: RHB Dan Allred 0-0: Called Strike
0-1: Ground out 6-3 (Groundball, 6, EV 108.8 MPH)
Bottom of the 8th over - 5 runs, 4 hits, 0 errors, 0 left on base; Atlanta (MID) 5 - Wisconsin 8
TOP OF THE 9TH
Atlanta (MID) Braves batting - Pitching for Wisconsin Timber Rattlers : RHP Danny Newbegin
Pitching: RHP Sal Contreras
Batting: LHB Oke Monti 0-0: Ball
1-0: Fly out, F8 (Line Drive, 8RD, EV 105.0 MPH)
Batting: LHB Ryan Murdock 0-0: Ball
1-0: Foul Ball, location: 2F
1-1: Ball
2-1: Ball
3-1: Base on Balls
Batting: RHB Phil Holman 0-0: Ball
Wild Pitch!
Ryan Murdock to second
1-0: Called Strike
1-1: Fly out, F5 (Line Drive, 5L, EV 66.2 MPH)
Batting: LHB Joe Phillips 0-0: Ball
1-0: Swinging Strike
1-1: Foul Ball, location: 2F
1-2: Strikes out swinging
Top of the 9th over - 0 runs, 0 hits, 0 errors, 1 left on base; Atlanta (MID) 5 - Wisconsin 8
Tuesday, March 28th , 2023 - OOTP Baseball 23.10 Build 110